 Dungeon Crawl Stone Soup version 0.17.0-56-gd8de76c (webtiles) character file.

450 dvd the Chiller (level 7, -5/58 HPs)
             Began as a Naga Ice Elementalist on Dec 4, 2015.
             Slain by Pikel
             ... wielding a +0 whip of electrocution
              (12 damage)
             ... on level 5 of the Dungeon on Dec 5, 2015.
             The game lasted 00:29:23 (6770 turns).

dvd the Chiller (Naga Ice Elementalist)             Turns: 6770, Time: 00:29:23

Health: -5/58      AC: 10    Str: 10    XL:     7   Next: 4%
Magic:  9/12       EV: 16    Int: 16    God:
Gold:   267        SH:  0    Dex: 18    Spells: 4 memorised, 3 levels left

rFire  . . .     SeeInvis +     l - +0 dagger (venom)
rCold  . . .     Clarity  .     a - +0 robe
rNeg   . . .     SustAt   .     (no shield)
rPois  +         Gourm    .     q - +0 hat
rElec  .         Spirit   .     (no cloak)
rCorr  .         Warding  .     v - +0 pair of gloves
rMut   +         Stasis   .     (no barding)
MR     .....                    r - amulet of resist mutation
Stlth  ++++......               (no ring)
                                (no ring)

@: agile, icy armour, very slightly contaminated, very slow, not resistant to
hostile enchantments, stealthy
A: see invisible, deformed body, poison resistance, slowness 2, slow metabolism
1, spit poison 2, AC +2
a: Spit Poison


You were on level 5 of the Dungeon.
You were hungry.

You visited 1 branch of the dungeon, and saw 5 of its levels.

You collected 267 gold pieces.

Inventory:

Hand Weapons
 e - a +0 spear
 f - a +0 short sword
 g - the +6 whip of the Jolly Realms {slash, rPois rF+ Dex+4 Stlth+}
   (You found it on level 4 of the Dungeon)

   It inflicts extra damage upon your enemies.
   It affects your dexterity (+4).
   It protects you from fire.
   It protects you from poison.
   It makes you more stealthy.
 l - a +0 dagger of venom (weapon)
 m - a +0 hand axe
 o - a +0 short sword
 s - a +0 rapier
 C - a +0 flail
Missiles
 y - 5 tomahawks (quivered)
Armour
 a - a +0 robe (worn)
 q - a +0 hat (worn)
 v - a +0 pair of gloves (worn)
Jewellery
 r - an amulet of resist mutation (around neck)
Wands
 z - a wand of frost (0)
Scrolls
 i - 2 scrolls of amnesia
 p - 2 scrolls of blinking
 t - a scroll of fear {unknown}
 u - a scroll of remove curse
 w - a scroll of fog
Potions
 d - a potion of mutation {unknown}
 h - a potion of flight {unknown}
 j - a potion of magic {unknown}
 k - a potion of curing
 n - a potion of heal wounds {unknown}
 A - a potion of berserk rage {unknown}
 B - 2 potions of agility
 D - a potion of cancellation {unknown}
Books
 b - a book of Frost

   Spells                             Type                      Level
   a - Freeze                         Ice                          1
   b - Throw Frost                    Conjuration/Ice              2
   c - Ozocubu's Armour               Charms/Ice                   3
   d - Throw Icicle                   Conjuration/Ice              4
   e - Summon Ice Beast               Ice/Summoning                4
   f - Condensation Shield            Ice                          4
Comestibles
 c - 4 bread rations
 x - a slice of pizza
 E - 7 chunks of flesh


   Skills:
 + Level 1.7 Fighting
 + Level 0.8 Short Blades
 + Level 0.4 Maces & Flails
 + Level 0.6 Polearms
 + Level 3.2 Dodging
 + Level 4.5 Stealth
 + Level 3.6 Spellcasting
 + Level 1.1 Conjurations
 + Level 0.2 Charms
 + Level 4.6 Ice Magic


You had 3 spell levels left.
You knew the following spells:

 Your Spells              Type           Power        Failure   Level  Hunger
a - Freeze                Ice            ###.         2%          1    None
b - Throw Frost           Conj/Ice       ##....       10%         2    ##.....
c - Ozocubu's Armour      Chrm/Ice       ##......     21%         3    ###....
d - Condensation Shield   Ice            ###.......   28%         4    ####...


Dungeon Overview and Level Annotations

Branches:
Dungeon (5/15)
 Temple: D:4-7

Altars:
Kikubaaqudgha
Makhleb
Vehumet
Xom

Shops:
D:4 *   D:5 }

Annotations:
D:4 emiel's ghost, weakling TrEE
D:5 Pikel


Innate Abilities, Weirdness & Mutations

You cannot wear boots.
Your serpentine skin is tough (AC +2).
You have supernaturally acute eyesight.
Armour fits poorly on your strangely shaped body.
Your system is resistant to poisons.
You cover ground very slowly.
You have a slow metabolism.
You can spit poison.


Message History

You feel agile all of a sudden. Pikel hits you but does no damage.
You hit Pikel but do no damage.
Pikel is severely wounded.
Pikel hits you but does no damage.
You barely miss Pikel.
Pikel is almost dead.
Pikel says, "Slavery isn't that bad."
Pikel barely misses you.
You hit Pikel.
Pikel is almost dead.
You have got your breath back.
Pikel says, "I'm sure they'll be treated well, anyway."
Pikel hits you with a whip of electrocution.
You are electrocuted!
* * * LOW HITPOINT WARNING * * *
You hit Pikel but do no damage.
Pikel is almost dead.
Pikel hits you but does no damage.
You are electrocuted!
You die...

#.....#
#.#
###K###
#.# #p#
#)# #.#
#.#
#.#####.#
#..pp.pp#
#######p#
#K#
#@#######.
#.........
#.########
#.# #.#
#.# #.#
#.# #.#
#.# #.#
#.#
###.###
########.#
#.....#


You could see Pikel and 3 slaves.

Vanquished Creatures
  A phantom (D:4)
  A slave (D:5)
  A crimson imp (D:5)
  A hound (D:4)
  4 orc wizards
  6 adders
  An ooze (D:1)
  5 worms
  A giant gecko (D:2)
  8 orcs
  5 bats
  2 bat zombies (D:4)
  10 goblins
  11 hobgoblins
  5 jackals
  4 quokkas
  2 ball pythons
  9 giant cockroaches
  A giant gecko zombie (D:5)
  8 giant newts
  11 kobolds
  8 rats
105 creatures vanquished.

Notes
Turn   | Place    | Note
--------------------------------------------------------------
     0 | D:1      | dvd the Naga Ice Elementalist began the quest for the Orb.
     0 | D:1      | Reached XP level 1. HP: 15/15 MP: 3/3
   453 | D:1      | Reached XP level 2. HP: 17/22 MP: 3/5
   569 | D:1      | Learned a level 2 spell: Throw Frost
  1056 | D:1      | Reached XP level 3. HP: 25/28 MP: 3/6
  1506 | D:2      | Learned a level 3 spell: Ozocubu's Armour
  1924 | D:2      | Reached XP level 4. HP: 28/36 MP: 3/7
  2069 | D:2      | Found a shimmering altar of Xom.
  2349 | D:2      | Reached skill level 4 in Ice Magic
  2923 | D:3      | Reached XP level 5. HP: 42/42 MP: 9/9
  4447 | D:4      | Noticed emiel's ghost (weakling TrEE)
  4630 | D:4      | Found Niwaibiyd's Needful Niceties.
  4907 | D:3      | Learned a level 1 spell: Freeze
  4913 | D:4      | Reached XP level 6. HP: 45/50 MP: 2/10
  4917 | D:4      | Noticed a phantom
  5068 | D:3      | Learned a level 4 spell: Condensation Shield
  5814 | D:4      | Noticed a phantom
  5874 | D:4      | Got a dazzling whip
  5875 | D:4      | Identified the +6 whip of the Jolly Realms {slash, rPois rF+ Dex+4 Stlth+} (You found it on level 4 of the Dungeon)
  5899 | D:4      | Killed a phantom
  5899 | D:4      | Reached skill level 1 in Fighting
  6361 | D:4      | Found an ancient bone altar of Kikubaaqudgha.
  6458 | D:5      | Entered Level 5 of the Dungeon
  6509 | D:5      | Found a radiant altar of Vehumet.
  6510 | D:5      | Found a burning altar of Makhleb.
  6550 | D:5      | Found Gaqoo's Gadget Shop.
  6645 | D:5      | Reached XP level 7. HP: 56/58 MP: 1/12
  6719 | D:5      | Noticed Pikel
  6770 | D:5      | Slain by Pikel

Action                   |  1- 3 |  4- 6 |  7- 9 || total
-------------------------+-------+-------+-------++-------
Melee: Spear             |    64 |   176 |       ||   240
       Unarmed           |     1 |       |       ||     1
       Whip              |       |    28 |     6 ||    34
       Rapier            |       |     7 |       ||     7
       Dagger            |       |     5 |    10 ||    15
 Cast: Freeze            |    28 |    60 |       ||    88
       Throw Frost       |     3 |    11 |       ||    14
       Ozocubu's Armour  |     2 |    18 |     1 ||    21
 Abil: Spit Poison       |    14 |    15 |     3 ||    32
  Use: Scroll            |       |     8 |       ||     8
       Potion            |       |     2 |     1 ||     3
 Stab: Sleeping          |     9 |    11 |       ||    20
  Eat: Chunk             |     4 |    11 |       ||    15
       Meat ration       |       |     1 |       ||     1
